 Seeded DCSS version 0.30-a0-859-gf88a04b62d (webtiles) character file.

Game seed: 18242870539230726858 (custom seed)

39 bmack86 the Shield-Bearer (level 3, -3/33 HPs)
             Began as a Minotaur Fighter on Mar 7, 2023.
             Killed from afar by Sigmund (7 damage)
             ... with a puff of flame
             ... on level 2 of the Dungeon.
             The game lasted 00:02:54 (1052 turns).

bmack86 the Shield-Bearer (Minotaur Fighter)        Turns: 1052, Time: 00:02:55

Health: -3/33      AC: 10    Str: 22    XL:     3   Next: 26%
Magic:  2/2        EV:  9    Int:  5    God:
Gold:   81         SH:  0    Dex:  9    Spells: 2/2 levels left

rFire   . . .      SeeInvis .    a - +0 war axe
rCold   . . .      Faith    .    c - +0 buckler
rNeg    . . .      Spirit   .    b - +0 scale mail
rPois   +          Reflect  .    (helmet restricted)
rElec   .          Rampage  .    (no cloak)
rCorr   .                        (no gloves)
Will    .....                    k - +2 pair of boots {Fly} Stlth
                                 (no amulet)
HPRegen 0.25/turn                j - ring of poison resistance
MPRegen 0.08/turn                (no ring)

@: confused, flying
A: horns 2, retaliatory headbutt
a: no special abilities


You were on level 2 of the Dungeon.
You visited 1 branch of the dungeon, and saw 2 of its levels.

You collected 81 gold pieces.

Inventory:

Hand Weapons
 a - a +0 war axe (weapon)
Armour
 b - a +0 scale mail (worn)
 c - a +0 buckler (worn)
 k - a +2 pair of boots of flying (worn)
Jewellery
 j - a ring of poison resistance (left hand)
Scrolls
 f - a scroll of fear {unknown}
 h - 2 scrolls of vulnerability {unknown}
 i - a scroll of identify {unknown}
Potions
 d - a potion of might
 e - 2 potions of attraction {unknown}
 g - 2 potions of mutation {unknown}


   Skills:
 + Level 4.0 Fighting
 * Level 3.4 Axes
 + Level 4.0 Armour
 + Level 4.0 Shields


You had 2 spell levels left.
You didn't know any spells.
Your spell library contained the following spells:

 Spells                   Type           Power      Damage    Failure   Level
 Magic Dart               Conj           0%         1d3       87%         1
 Call Imp                 Summ           0%         N/A       95%         2
 Mephitic Cloud           Conj/Pois/Air  0%         N/A       99%         3


Dungeon Overview and Level Annotations

Branches:
Dungeon (2/15)

Altars:

Shops:
D:1 ((*[*

Annotations:
D:2 Sigmund


Innate Abilities, Weirdness & Mutations

You have a pair of horns on your head.
You reflexively headbutt those who attack you in melee.


Message History

You completely miss something. You miss the adder. The adder barely misses you.
Something hits you but does no damage. The adder bites you but does no damage.
You miss something. You closely miss the adder. The adder closely misses you.
You hear some strange, mumbled words.
Something tries to affect you, but you resist.
The adder bites you but does no damage.
You barely miss something. You hit the adder. Something hits you.
The adder closely misses you.
You barely miss something. Your headbutt misses something. You hit the adder.
The adder bites you. Something hits you but does no damage.
The adder closely misses you.
You miss something. Your headbutt misses something. You hit the adder.
You kill the adder!
You hear some strange, mumbled words.
You are confused.
The frilled lizard bites you. Something hits you!
* * * LOW HITPOINT WARNING * * *
You bump into the rock wall.
The frilled lizard bites you but does no damage.
You bump into the rock wall.
Something hits you but does no damage. The frilled lizard barely misses you.
You bump into the rock wall.
The frilled lizard bites you but does no damage.
You hear some strange, mumbled words.
A puff of flame appears from out of thin air!
The puff of flame hits you but does no damage.
You barely miss something. You barely miss the frilled lizard.
The frilled lizard bites you.
* * * LOW HITPOINT WARNING * * *
You hear some strange, mumbled words.
You are more confused.
You closely miss the frilled lizard. You closely miss something.
The frilled lizard bites you but does no damage.
Something hits you but does no damage.
You bump into the rock wall.
The frilled lizard bites you but does no damage.
You hear some strange, mumbled words.
A puff of flame appears from out of thin air!
The puff of flame hits you!
You die...

#### ####.....
#<...# ##.####
#...############
#.#.......@{....#
##.#.##..##l....#
##...#.## ####...
##....# . #..##.
#.## . #.# #$ #..
.


You could see a frilled lizard.

Vanquished Creatures
  An adder (D:2)
  A dart slug (D:1)
  A ball python (D:1)
  2 endoplasms
  2 giant cockroaches (D:1)
  2 goblins (D:1)
  2 hobgoblins
  3 bats (D:1)
  11 frilled lizards (D:1)
  2 kobolds
  4 rats (D:1)
31 creatures vanquished.

Vanquished Creatures (others)
  8 plants (D:1)
8 creatures vanquished.

Grand Total: 39 creatures vanquished

Notes
Turn   | Place    | Note
-------+----------+-------------------------------------------
     0 | D:1      | bmack86 the Minotaur Fighter began the quest for the Orb.
     0 | D:1      | Reached XP level 1. HP: 19/19 MP: 0/0
   275 | D:1      | Reached XP level 2. HP: 27/27 MP: 1/1
   276 | D:1      | Found Iczoal's Antique Armour Shop.
   351 | D:1      | Found Mazynewu's Weapon Shoppe.
   403 | D:1      | Found Mapt's Weapon Shop.
   454 | D:1      | Found Ridunu's General Store.
   587 | D:1      | Found Gaux's General Store.
   943 | D:2      | Reached XP level 3. HP: 33/33 MP: 2/2
  1031 | D:2      | Noticed Sigmund
  1052 | D:2      | Killed from afar by Sigmund

Illustrated notes

Levels and vault maps discovered:
D:1:      dpeg_arrival_stone_temple_mockup, layout_basic, serial_shops, shop,
          shop_statue, shop_statue, nicolae_shop_advertising_works
          [nicolae_subvault_shop_adworks], nicolae_shop_bloodbath_and_beyond,
          minmay_lizard_king
D:2:      layout_loops_ring, serial_shops, nicolae_lakefront_shop,
          minmay_pentomino_pile, uniq_sigmund

Skill      XL: |  1  2  3 |
---------------+----------+-----
Axes           | 3 |  3.4
Shields        | 4 |  4.0
Armour         | 4 |  4.0
Fighting       | 4 |  4.0

Action                     || total
---------------------------++-------
  Melee: War axe           ||    61
         Headbutt          ||     6
 Armour: Scale mail        ||    49
  Dodge: Dodged            ||    41
  Block: Buckler           ||    17

Table legend: (Time is in decaauts)
 A = Elapsed time spent in this place.
 B = Non-inter-level travel time spent in this place.
 C = Inter-level travel time spent in this place.
 D = Time resting spent in this place.
 E = Time spent auto-exploring this place.
 F = Levels seen in this place.
 G = Mean time per level.
                   A        B        C        D        E       F      G
               +--------+--------+--------+--------+--------+-----+--------+
         Total |   1075 |    983 |     92 |      0 |    724 |   2 |  537.5 |
       Dungeon |   1075 |    983 |     92 |      0 |    724 |   2 |  537.5 |
               +--------+--------+--------+--------+--------+-----+--------+

Top non-repeatable levels by time:
     D:1: 1038 daAuts
     D:2: 37 daAuts
